Map: Orbital Shipyard

Players

LilDicky - Winner!

  • Race: Terran Terran
  • League: Diamond

Kashnigg

  • Race: Zerg Zerg
  • League: Gold

VOD

http://www.twitch.tv/tumescentpie

Description

Time

  • Played on: Jan. 2, 2016, 12:50 a.m.
  • Length: 7:16
Show
View Real Time Build Order
Export as new Build Order

LilDicky Terran - Winner!

Build Orders: Command Center First (CC), Liberator Opening 

Get SALT Encoding   

  12  0:01  SCV  
  13  0:13  SCV  
  14  0:18  Supply Depot  
  14  0:25  SCV  
  15  0:39  SCV  
  16  0:52  SCV  
  17  1:01  Command Center  
  17  1:05  SCV  
  18  1:18  Barracks  
  18  1:20  SCV  
  19  1:32  SCV, Refinery  
  20  1:33  Refinery  
  20  1:44  SCV  
  21  1:56  SCV  
  22  2:07  Marine  
  23  2:10  Supply Depot  
  23  2:11  Orbital Command  
  23  2:15  Orbital Command  
  23  2:26  Marine  
  24  2:38  Factory  
  24  2:39  SCV  
  24  2:41  SCV  
  26  2:44  Marine  
  27  2:51  SCV  
  28  3:02  Marine  
  29  3:08  SCV  
  30  3:13  Supply Depot, SCV  
  31  3:20  SCV, Marine  
  31  3:24  Factory Tech Lab  
  33  3:28  Starport  
  33  3:33  SCV  
  33  3:34  SCV  
  35  3:38  Marine  
  36  3:43  Siege Tank  
  36  3:45  SCV  
  36  3:46  SCV, Liberator  
  41  3:52  Supply Depot  
  41  3:56  Marine  
  41  3:57  SCV  
  41  3:58  SCV  
  48  4:10  SCV x2  
  48  4:11  Refinery  
  48  4:12  Supply Depot  
  48  4:14  Marine  
  50  4:24  Siege Tank  
  53  4:29  Liberator  
  53  4:31  Marine  
  53  4:32  SCV  
  53  4:33  Command Center  
  53  4:36  SCV  
  56  4:38  Supply Depot  
  56  4:44  SCV  
  57  4:48  SCV  
  57  4:49  Marine  
  62  4:54  Refinery  
  62  4:56  SCV, Siege Tank  
  66  5:00  SCV  
  66  5:06  Supply Depot  
  67  5:07  Marine  
  67  5:08  SCV  
  67  5:12  SCV  
  70  5:18  Liberator  
  70  5:20  Supply Depot, SCV  
  71  5:25  Marine  
  71  5:26  Barracks x2  
  71  5:28  Siege Tank, Barracks  
  75  5:33  Engineering Bay  
  75  5:40  SCV  
  79  5:43  Marine  
  79  5:45  SCV  
  79  5:48  Command Center  
  81  5:52  SCV  
  82  5:57  SCV  
  82  6:00  Siege Tank, Marine  
  86  6:13  Marine x2, Liberator  
  86  6:16  Marine  
  89  6:18  Marine  
  90  6:31  Marine x2  
  90  6:32  Siege Tank  
  98  6:33  Marine  
  98  6:37  SCV  
  100  6:40  Orbital Command  
  100  6:42  Marine  
  100  6:43  Command Center  
  101  6:49  Marine x2  
  101  6:51  Marine  
Show
View Real Time Build Order
Export as new Build Order

Kashnigg Zerg 

Build Orders: Hatch First 

Get SALT Encoding   

  12  0:01  Drone  
  13  0:08  Drone  
  14  0:35  Hatchery  
  13  0:40  Drone  
  14  0:56  Spawning Pool  
  13  0:58  Drone  
  14  1:05  Overlord  
  14  1:15  Drone, Extractor  
  14  1:23  Drone  
  14  1:24  Drone  
  16  1:32  Drone  
  17  1:47  Queen  
  17  1:50  Queen  
  21  1:55  Zergling x2  
  21  2:00  Drone  
  23  2:16  Metabolic Boost  
  23  2:20  Zergling x2  
  23  2:21  Drone x2  
  23  2:22  Drone  
  27  2:28  Overlord  
  27  2:53  Drone x5  
  31  3:00  Drone  
  31  3:03  Drone x3  
  31  3:05  Overlord x2  
  35  3:18  Hatchery  
  34  3:22  Overlord  
  34  3:30  Drone  
  34  3:31  Drone x3  
  38  3:40  Drone, Roach Warren  
  38  3:45  Drone  
  38  3:46  Drone  
  40  3:52  Drone  
  40  3:53  Drone x3  
  44  4:03  Overlord  
  44  4:08  Extractor  
  43  4:15  Drone  
  44  4:17  Drone  
  44  4:18  Drone x3  
  44  4:24  Lair  
  48  4:28  Drone x2  
  48  4:29  Evolution Chamber  
  48  4:31  Evolution Chamber, Drone x2, Extractor  
  49  4:32  Queen  
  49  4:33  Extractor  
  50  4:41  Drone  
  50  4:42  Drone x5  
  50  4:43  Drone  
  57  4:53  Drone  
  58  5:01  Drone  
  58  5:02  Drone x2  
  58  5:05  Zerg Missile Weapons Level 1, Zerg Ground Armor Level 1  
  61  5:07  Drone  
  61  5:08  Drone x4, Queen  
  61  5:13  Extractor  
  68  5:14  Drone x3  
  68  5:15  Extractor  
  69  5:25  Roach x2  
  69  5:26  Overlord  
  73  5:36  Overlord x3  
  73  5:46  Roach  
  73  5:47  Roach x3  
  81  5:52  Zergling x2  
  80  6:00  Roach  
  80  6:01  Roach x6  
  80  6:03  Queen x3  
  83  6:20  Roach  
  83  6:21  Roach x4  
  83  6:24  Roach  
  89  6:32  Roach  
  88  6:52  Ravager x2  
  88  6:53  Ravager x2  
Tags
 
Add a new tag
Caveats
  • Supply blocks, unpowered buildings, or Contaminate may cause inaccurate times.
  • Supply counts are checked every 10 seconds.